 Dungeon Crawl Stone Soup version 0.30.1-4-g462c640d31 (webtiles) character file.

Game seed: 1879251952598543309

57 Gorgoleon the Digger (level 4, -1/24 HPs)
             Began as a Gargoyle Earth Elementalist on Aug 19, 2023.
             Slain by a water moccasin (5 damage)
             ... in a sewer.
             The game lasted 00:06:18 (1897 turns).

Gorgoleon the Digger (Gargoyle Earth Elementalist)  Turns: 1897, Time: 00:06:18

Health: -1/24      AC:  6    Str: 12    XL:     4   Next: 0%
Magic:  1/7        EV: 11    Int: 17    God:
Gold:   83         SH:  0    Dex: 10    Spells: 1/7 levels left

rFire   . . .        k - +1 dagger (elec)
rCold   . . .        (no shield)
rNeg    + . .        a - +0 robe
rPois   ∞            (no helmet)
rElec   +            (no cloak)
rCorr   .            (no gloves)
SInv    .            j - +0 pair of boots
Will    .....        (no amulet)
Stlth   ++           (no ring)
HPRegen 0.24/turn    (no ring)
MPRegen 0.10/turn

%: no passive effects
@: no status effects
A: sickness immunity, AC +3, negative energy resistance 1, electricity
resistance, torment resistance 1, petrification resistance
a: no special abilities


You were in a sewer.
You visited 1 branch of the dungeon, and saw 3 of its levels.
You also visited: Sewer.

You collected 83 gold pieces.

Inventory:

Hand Weapons
 c - a +0 whip
 k - a +1 dagger of electrocution (weapon)
Armour
 a - a +0 robe (worn)
 j - a +0 pair of boots (worn)
Jewellery
 d - a ring of ice
Scrolls
 f - a scroll of teleportation
 m - a scroll of fog
Potions
 b - a potion of magic
 e - 4 potions of ambrosia {unknown}
 g - 2 potions of haste {unknown}
 h - a potion of flight
 l - a potion of mutation {unknown}
 p - a potion of lignification {unknown}


   Skills:
 - Level 1.5 Dodging
 - Level 2.1 Stealth
 - Level 2.0 Spellcasting
 * Level 0.9 Conjurations
 - Level 1.0 Transmutations
 + Level 5.4 Earth Magic


You had one spell level left.
You knew the following spells:

 Your Spells              Type           Power      Damage    Failure   Level
a - Sandblast             Erth           40%        2d10      1%          1
b - Passwall              Tmut/Erth      10%        N/A       8%          2
c - Stone Arrow           Conj/Erth      24%        3d8       16%         3

Your spell library contained the following spells:

 Spells                   Type           Power      Damage    Failure   Level
 Petrify                  Tmut/Erth      12%        N/A       45%         4
 Inner Flame              Hex/Fire       1%         N/A       50%         3
 Yara's Violent Unravell  Hex/Tmut       1%         3d3       99%         5
 Enfeeble                 Hex            0%         N/A       100%        7


Dungeon Overview and Level Annotations

Branches:
Dungeon (3/15)              Sewer (1/1)

Altars:


Innate Abilities, Weirdness & Mutations

You are immune to sickness and miasma.
Your stone body is resilient. (AC +3)
You are immune to poison.
You resist negative energy. (rN+)
You are resistant to electric shocks. (rElec)
You are resistant to unholy torment.
You are immune to petrification.


Message History

Aiming: Sandblast (safe; 1% risk of failure)
Press: ? - help, Q - select action, (/) - cycle Shift-Dir - straight line, f - water moccasin
Aim: a water moccasin (72% to hit)
The blast of sand hits the water moccasin!
The water moccasin is moderately wounded.
Aiming: Sandblast (safe; 1% risk of failure)
Press: ? - help, Q - select action, (/) - cycle Shift-Dir - straight line, f/p - water moccasin
Aim: a water moccasin (moderately wounded, 72% to hit)
The blast of sand hits the water moccasin.
The water moccasin is heavily wounded.
The water moccasin bites you. x2
Aiming: Sandblast (safe; 1% risk of failure)
Press: ? - help, Q - select action, (/) - cycle Shift-Dir - straight line, f/p - water moccasin
Aim: a water moccasin (heavily wounded, 72% to hit)
The blast of sand misses the water moccasin.
The water moccasin bites you. The water moccasin bites you!
Unknown command.
Aiming: Sandblast (safe; 1% risk of failure)
Press: ? - help, Q - select action, (/) - cycle Shift-Dir - straight line, f/p - water moccasin
Aim: a water moccasin (heavily wounded, 72% to hit)
The blast of sand hits the water moccasin.
The water moccasin is severely wounded.
The water moccasin barely misses you.
The water moccasin bites you but does no damage.
Aiming: Sandblast (safe; 1% risk of failure)
Press: ? - help, Q - select action, (/) - cycle Shift-Dir - straight line, f/p - water moccasin
Aim: a water moccasin (severely wounded, 72% to hit)
The blast of sand misses the water moccasin.
The water moccasin bites you.
* * * LOW HITPOINT WARNING * * *
The water moccasin barely misses you.
Aiming: Sandblast (safe; 1% risk of failure)
Press: ? - help, Q - select action, (/) - cycle Shift-Dir - straight line, f/p - water moccasin
Aim: a water moccasin (severely wounded, 72% to hit)
The blast of sand hits the water moccasin.
The water moccasin is almost dead.
The water moccasin bites you.
* * * LOW HITPOINT WARNING * * *
The water moccasin bites you.
You die...

#### # ..~.## ## $
## ...~.### #.
(~##.. #..~~.###
#. ##.~.~
#...~.###~ .~....#
##...~....
#.~.~~###
###~..~.###.
#...~.####.....###
#.
###S@~~..~~..###
#. ###.~....### ##
######## # # #


You could see a water moccasin.

Vanquished Creatures
  An adder (D:2)
  4 worms
  2 bats
  An endoplasm (D:3)
  3 giant cockroaches
  7 goblins
  2 hobgoblins
  3 jackals (Sewer)
  5 kobolds
  A quokka (D:2)
  A ball python (D:1)
  2 frilled lizards
  A rat (D:2)
33 creatures vanquished.

Notes
Turn   | Place    | Note
-------+----------+-------------------------------------------
     0 | D:1      | Gorgoleon the Gargoyle Earth Elementalist began the quest
                  | for the Orb.
     0 | D:1      | Reached XP level 1. HP: 10/10 MP: 3/3
   281 | D:1      | Found a faded altar of an unknown god.
   286 | D:1      | Reached skill level 1 in Transmutations
   286 | D:1      | Reached skill level 4 in Earth Magic
   290 | D:1      | Reached XP level 2. HP: 15/15 MP: 1/5
   912 | D:1      | Learned a level 2 spell: Passwall
  1157 | D:2      | Reached XP level 3. HP: 19/19 MP: 2/6
  1165 | D:2      | Learned a level 3 spell: Stone Arrow
  1257 | D:2      | Reached skill level 5 in Earth Magic
  1606 | D:3      | Found a glowing drain.
  1698 | Sewer    | Entered a sewer
  1710 | Sewer    | Reached XP level 4. HP: 24/24 MP: 1/7
  1888 | Sewer    | Noticed a water moccasin
  1897 | Sewer    | Slain by a water moccasin

Illustrated notes

Levels and vault maps discovered:
D:1:      amcnicky_arrival_gap_in_the_tavern_cellar, layout_loops_cross,
          ebering_ecumenical_altar_abandoned
D:2:      kennysheep_six_static_rooms, layout_rooms
D:3:      layout_loops_ring, cheibrodos_sewer_entry_bend,
          minmay_misc_feat_ornament
Sewer:    sewer_the_moccasin

Skill      XL: |  1  2  3 |
---------------+----------+-----
Transmutations | 1 |  1.0
Earth Magic    | 4 5 |  5.4
Dodging        | |  1.5
Stealth        | |  2.1
Spellcasting   | |  2.0
Conjurations   | |  0.9

Action                     |  1- 3 |  4- 6 || total
---------------------------+-------+-------++-------
  Melee: Unarmed           |     1 |       ||     1
         Dagger            |     9 |       ||     9
   Cast: Sandblast         |    44 |     6 ||    50
    Use: Scroll            |     5 |       ||     5
 Armour: Robe              |     7 |     1 ||     8
  Dodge: Dodged            |     7 |     2 ||     9
